 Dungeon Crawl Stone Soup version 0.31-a0-1615-ga12eea2 (webtiles) character file.

Game seed: 576526472596732771

654 PidgeyThePirate the Shooter (level 7, -1/51 HPs)
             Began as a Demonspawn Hunter on Jan 9, 2024.
             Succumbed to a scorpion's poison
             ... on level 4 of the Dungeon.
             The game lasted 00:08:58 (2895 turns).

PidgeyThePirate the Shooter (Demonspawn Hunter)     Turns: 2895, Time: 00:08:59

Health: -1/51      AC:  5    Str: 11    XL:     7   Next: 29%
Magic:  7/7        EV: 12    Int:  9    God:
Gold:   184        SH:  4    Dex: 19    Spells: 6/6 levels left

rFire   . . .        a - +0 shortbow
rCold   . . .        (shield currently unavailable)
rNeg    . . .        c - +0 leather armour
rPois   .            (no helmet)
rElec   .            m - +0 cloak
rCorr   .            o - +0 pair of gloves
SInv    .            (no boots)
Will    .....        (no amulet)
Stlth   ++           (no ring)
HPRegen 0.28/turn    (no ring)
MPRegen 0.10/turn

%: no passive effects
@: lethally poisoned (-1 -> -9)
A: spiny 1, condensation shield, demonic touch 1
a: no special abilities


You were on level 4 of the Dungeon.
You visited 1 branch of the dungeon, and saw 4 of its levels.

You collected 184 gold pieces.

Inventory:

Hand Weapons
 a - a +0 shortbow (weapon)
Armour
 c - a +0 leather armour (worn)
 m - a +0 cloak (worn)
 o - a +0 pair of gloves (worn)
Jewellery
 e - a ring of ice
 f - a ring of magical power
Wands
 h - a wand of iceblast (11)
Scrolls
 d - 4 scrolls of identify {unknown}
 k - 2 scrolls of teleportation {unknown}
 l - a scroll of fear {unknown}
 n - a scroll of vulnerability {unknown}
 p - a scroll of silence {unknown}
Potions
 g - a potion of enlightenment {unknown}
 i - a potion of degeneration
 j - a potion of cancellation


   Skills:
 + Level 2.8 Fighting
 * Level 7.6 Ranged Weapons
 + Level 1.4 Armour
 + Level 2.0 Dodging
 + Level 1.1 Stealth
 + Level 0.2 Shields


You had 6 spell levels left.
You didn't know any spells.
Your spell library contained the following spells:

 Spells                   Type           Power      Damage    Failure   Level
 Dazzling Flash           Conj/Hex       0%         N/A       85%         3
 Mephitic Cloud           Conj/Alch/Air  0%         N/A       85%         3
 Curse of Agony           Necr           0%         N/A       100%        5
 Silence                  Hex/Air        0%         N/A       100%        5


Dungeon Overview and Level Annotations

Branches:
Dungeon (4/15)
 Temple: D:4-7

Altars:


Innate Abilities, Weirdness & Mutations

You are partially covered in sharp spines.
A meltable shield of frost defends you. (SH +4)
Your touch may inflict minor irresistible damage on your foes.


Message History

You are too injured to fight recklessly!
You are too injured to fight recklessly!
You are too injured to fight recklessly!
You are too injured to fight recklessly!
You are too injured to fight recklessly!
You are too injured to fight recklessly!
You feel very sick. The scorpion attacks as it pursues you!
The scorpion is struck by your spines. The scorpion closely misses you.
Fire: a) +0 shortbow
Press: ? - help, Q - select action, (/) - cycle Shift-Dir - straight line, f/p - scorpion
Aim: a scorpion (severely wounded, 65% to hit)
You shoot an arrow.
The arrow hits the scorpion but does no damage.
The scorpion is severely wounded.
You feel very sick. The scorpion is struck by your spines.
The scorpion stings you.
* * * LOW HITPOINT WARNING * * *
You are lethally poisoned!
The scorpion poisons you!
Okay, then.
As you read the scroll of butterflies, it crumbles to dust.
You hear the flapping of tiny wings.
The scorpion is knocked back by the sudden gust.
* * * LOW HITPOINT WARNING * * *
You feel very sick.
The scorpion closely misses your butterfly.
You swap places.
* * * LOW HITPOINT WARNING * * *
You feel very sick. The scorpion misses your butterfly.
You swap places.
* * * LOW HITPOINT WARNING * * *
You feel very sick. The scorpion misses your butterfly.
* * * LOW HITPOINT WARNING * * *
You feel sick.
The scorpion completely misses your butterfly.
You swap places.
You die...

....##............#....
.............#.....##...
.........#.....#....###.
........###...###..####.
....##...#.....#........
. .##.......>........ #.
..##...#..#.........# ##
.....###b..#..b..#.## ##
....)##@b#....b#...####.
..###b.b###b..###...#..>
.....b.b.#.....#.......#
..#.###b..bb........####
# ##bb#b.b....... ##
#bbbbb.........###.
#.sbbbb..##........
#.#bbbb.b# ........
..#b.b..... ##.....


You could see a scorpion (ally target).

Vanquished Creatures
  Grinder (D:3)
  A scorpion (D:4)
  2 orc priests
  A sleepcap (D:4)
  2 iguanas (D:4)
  Ijyb (D:3)
  An orc wizard (D:3)
  Robin (D:3)
  4 adders
  4 gnolls (D:3)
  4 dart slugs
  A ribbon worm (D:2)
  10 orcs
  8 ball pythons
  4 endoplasms
  9 giant cockroaches
  19 goblins
  9 hobgoblins
  3 jackals (D:3)
  2 quokkas
  5 bats
  4 frilled lizards
  5 kobolds
  6 rats
107 creatures vanquished.

Notes
Turn   | Place    | Note
-------+----------+-------------------------------------------
     0 | D:1      | PidgeyThePirate the Demonspawn Hunter began the quest for
                  | the Orb.
     0 | D:1      | Reached XP level 1. HP: 16/16 MP: 1/1
    82 | D:1      | Reached skill level 4 in Ranged Weapons
    88 | D:1      | Gained mutation: Your touch may inflict minor irresistible
                  | damage on your foes. [demonic ancestry]
    88 | D:1      | Reached XP level 2. HP: 22/22 MP: 2/2
   349 | D:1      | Reached XP level 3. HP: 27/27 MP: 3/3
   933 | D:2      | Reached skill level 5 in Ranged Weapons
  1055 | D:2      | Gained mutation: A meltable shield of frost defends you.
                  | (SH +4) [demonic ancestry]
  1055 | D:2      | Reached XP level 4. HP: 33/33 MP: 4/4
  1504 | D:3      | Noticed Grinder
  1513 | D:3      | Paralysed by Grinder for 2 turns
  1519 | D:3      | HP: 1/33 [Grinder (5)]
  1524 | D:3      | Killed Grinder
  1525 | D:3      | Reached skill level 6 in Ranged Weapons
  1525 | D:3      | Reached skill level 1 in Armour
  1525 | D:3      | Reached skill level 1 in Stealth
  1525 | D:3      | Reached XP level 5. HP: 35/39 MP: 5/5
  1525 | D:3      | Gained mutation: You are partially covered in sharp spines.
                  | [demonic ancestry]
  1525 | D:3      | Reached XP level 6. HP: 41/46 MP: 6/6
  1588 | D:3      | Noticed Ijyb
  1591 | D:3      | Noticed Robin
  1606 | D:3      | Killed Ijyb
  1635 | D:3      | Killed Robin
  2597 | D:4      | Reached skill level 7 in Ranged Weapons
  2674 | D:4      | Reached XP level 7. HP: 50/51 MP: 7/7
  2894 | D:4      | HP: 1/51 [poisoned by a scorpion]
  2895 | D:4      | Succumbed to a scorpion's poison

Illustrated notes

Levels and vault maps discovered:
D:1:      lemuel_arrival_broad_hall, layout_loops_ring
D:2:      layout_basic
D:3:      layout_basic, kennysheep_cross_bottleneck, solitary_fountain,
          uniq_ijyb, uniq_grinder, uniq_robin
D:4:      layout_cave_pools, dk_noncrumbling_3, minmay_strange_pillars

Skill      XL: |  1  2  3  4  5  6 |
---------------+-------------------+-----
Ranged Weapons | 4 5 6 7 |  7.6
Armour         | 1 |  1.4
Stealth        | 1 |  1.1
Dodging        | 2 |  2.0
Fighting       | |  2.8
Shields        | |  0.2

Action                     |  1- 3 |  4- 6 |  7- 9 || total
---------------------------+-------+-------+-------++-------
   Fire: Shortbow          |   119 |   179 |    48 ||   346
    Use: Potion            |       |     7 |       ||     7
         Scroll            |       |       |     1 ||     1
 Armour: Leather armour    |    28 |    50 |    16 ||    94
         Skin              |       |    64 |       ||    64
  Dodge: Dodged            |    28 |    42 |    14 ||    84
  Block: Other             |       |    18 |     5 ||    23

Table legend: (Time is in decaauts)
 A = Elapsed time spent in this place.
 B = Non-inter-level travel time spent in this place.
 C = Inter-level travel time spent in this place.
 D = Time resting spent in this place.
 E = Time spent auto-exploring this place.
 F = Levels seen in this place.
 G = Mean time per level.
                   A        B        C        D        E       F      G
               +--------+--------+--------+--------+--------+-----+--------+
         Total |   2947 |   2920 |     27 |      0 |   2299 |   4 |  736.8 |
       Dungeon |   2947 |   2920 |     27 |      0 |   2299 |   4 |  736.8 |
               +--------+--------+--------+--------+--------+-----+--------+

Top non-repeatable levels by time:
     D:3: 1265 daAuts
     D:1: 701 daAuts
     D:2: 646 daAuts
     D:4: 333 daAuts
